 Dungeon Crawl Stone Soup version 0.25.1-9-gc5326a611f (webtiles) character file.

Game seed: 11834986695686544235

193 theanonym the Cudgeler (level 5, -9/39 HPs)
             Began as a Mummy Enchanter on Sept 1, 2021.
             Killed by divine providence
             ... invoked by an orc priest
              (12 damage)
             ... on level 2 of the Dungeon.
             The game lasted 00:05:38 (2911 turns).

theanonym the Cudgeler (Mummy Enchanter)            Turns: 2911, Time: 00:05:38

Health: -9/39      AC: 12    Str: 18    XL:     5   Next: 43%
Magic:  9/9        EV:  7    Int: 14    God:
Gold:   84         SH:  4    Dex: 13    Spells: 8/9 levels left

rFire    x . .     SeeInvis .   a - +0 whip
rCold    + . .     Gourm    .   c - +0 buckler
rNeg     + + +     Faith    .   n - +0 chain mail
rPois    ∞         Spirit   .   d - +1 hat
rElec    .         Reflect  .   (no cloak)
rCorr    .         Harm     .   l - +0 pair of gloves
MR       .....                  f - +1 pair of boots
Stlth    ..........             e - amulet of regeneration
HPRegen  0.53/turn              b - +6 ring of strength
MPRegen  0.11/turn              (no ring)

@: very slightly contaminated
A: no food or potions, fire vulnerability, cold resistance 1, negative energy
resistance 3, torment resistance, unbreathing
a: no special abilities


Innate Abilities, Weirdness & Mutations

You do not eat or drink.
Your flesh is vulnerable to fire.
You are immune to poison.
Your flesh is cold resistant. (rC+)
You are immune to negative energy. (rN+++)
You are immune to unholy pain and torment.
You can survive without breathing.


   Skills:
 + Level 2.4 Fighting
   Level 0.7 Short Blades
 * Level 2.9 Maces & Flails
 - Level 1.5 Dodging
 - Level 2.4 Stealth
 + Level 2.0 Shields
 - Level 2.6 Spellcasting
 - Level 2.6 Hexes


You had 8 spell levels left.
You knew the following spells:

 Your Spells              Type           Power        Failure   Level  Hunger
a - Corona                Hex            #......      83%         1    N/A

Your spell library contained the following spells:

 Spells                   Type           Power        Failure   Level  Hunger
 Ensorcelled Hibernation  Hex/Ice        #.....       98%         2    N/A
 Confusing Touch          Hex            #.......     99%         3    N/A
 Tukima's Dance           Hex            #.......     99%         3    N/A
 Dazzling Flash           Conj/Hex       #.....       100%        3    N/A

Skill      XL: |  1  2  3  4  5 |
---------------+----------------+-----
Fighting       | 1 2 |  2.4
Maces & Flails | 1 2 |  2.9
Shields        | 1 2 |  2.0
Short Blades   | |  0.7
Dodging        | |  1.5
Stealth        | |  2.4
Spellcasting   | |  2.6
Hexes          | |  2.6

Action                   |  1- 3 |  4- 6 || total
-------------------------+-------+-------++-------
Melee: Club              |   241 |   187 ||   428
       Dagger            |     3 |       ||     3
       Whip              |       |    88 ||    88
  Use: Scroll            |       |     6 ||     6
 Stab: Sleeping          |     2 |       ||     2
Armor: Ring mail         |    56 |       ||    56
       Scale mail        |    50 |       ||    50
       Chain mail        |    31 |   251 ||   282
Dodge: Dodged            |   100 |   168 ||   268
Block: Buckler           |    29 |    60 ||    89

Inventory:

Hand Weapons
 a - a +0 whip (weapon)
Armour
 c - a +0 buckler (worn)
 d - a +1 hat (worn)
 f - a +1 pair of boots (worn)
 l - a +0 pair of gloves (worn)
 n - a +0 chain mail (worn)
Jewellery
 b - a +6 ring of strength (left hand)
 e - an amulet of regeneration (around neck)
 j - an uncursed amulet of guardian spirit {unknown}
Scrolls
 g - a scroll of random uselessness {unknown}
 i - a scroll of immolation


You were on level 2 of the Dungeon.
You were not hungry.

You visited 1 branch of the dungeon, and saw 3 of its levels.

You collected 84 gold pieces.

Dungeon Overview and Level Annotations

Branches:
Dungeon (3/15)

Altars:

Annotations:
D:3 Sigmund

###.......#.........#
.....#.##...........#
####....###.........#
##.#..##.....#####
####.##.(......##
##...............#
......#########..#
###.############.####
##.(###...#...##@...#
....##.........#....#
(...#...............#
....#...............#
....................#
....##.........#.o..#
....###...#...##o.o.#
....# ##########....#
....# #§...#


You could see an orc priest and 2 orcs.

Notes
Turn   | Place    | Note
-------+----------+-------------------------------------------
     0 | D:1      | theanonym the Mummy Enchanter began the quest for the Orb.
     0 | D:1      | Reached XP level 1. HP: 13/13 MP: 4/4
   263 | D:1      | Reached skill level 1 in Fighting
   263 | D:1      | Reached XP level 2. HP: 14/21 MP: 5/5
   494 | D:1      | HP: 10/21 [goblin/+0 club (1)]
   502 | D:1      | HP: 9/21 [kobold (3)]
   510 | D:1      | HP: 10/21 [leopard gecko (1)]
   511 | D:1      | Reached skill level 1 in Maces & Flails
   961 | D:1      | Reached XP level 3. HP: 26/26 MP: 7/7
  1177 | D:1      | Reached skill level 1 in Shields
  1458 | D:2      | Reached XP level 4. HP: 32/33 MP: 8/8
  1484 | D:2      | Reached skill level 2 in Maces & Flails
  1725 | D:2      | HP: 15/33 [worker ant (3)]
  1728 | D:2      | HP: 5/33 [worker ant (4)]
  1735 | D:2      | HP: 7/33 [worker ant (2)]
  1739 | D:2      | Reached skill level 2 in Fighting
  1867 | D:2      | HP: 14/33 [adder (4)]
  1870 | D:2      | HP: 6/33 [kobold (2)]
  2089 | D:2      | Reached XP level 5. HP: 38/38 MP: 9/9
  2775 | D:3      | Reached skill level 2 in Shields
  2841 | D:3      | Noticed Sigmund
  2907 | D:2      | HP: 5/39 [orc priest/divine providence (16)]
  2909 | D:2      | HP: 2/39 [orc (3)]
  2911 | D:2      | Killed from afar by an orc priest

Vanquished Creatures
  2 worker ants
  3 adders
  3 gnolls
  An ooze (D:1)
  2 worms (D:3)
  A dart slug (D:3)
  3 leopard geckos
  5 orcs
  A ball python (D:1)
  7 giant cockroaches
  10 goblins
  8 hobgoblins
  4 jackals (D:2)
  2 frilled lizards (D:2)
  7 kobolds
  11 rats
70 creatures vanquished.

Table legend:
 A = Turns spent in this place as a percentage of turns spent in the entire game.
 B = Non-inter-level travel turns spent in this place as a percentage of non-inter-level travel turns spent in the entire game.
 C = Inter-level travel turns spent in this place as a percentage of turns spent in this place.
 D = Turns resting spent in this place as a percentage of non-inter-level travel turns spent in this place.
 E = Turns spent auto-exploring this place as a percentage of non-inter-level travel turns spent in this place.
 F = Non-inter-level travel turns spent in this place divided by the number of levels of this place that you've seen.
                   A       B       C       D       E      F
               +-------+-------+-------+-------+-------+----------------------
         Total | 100.0 | 100.0 |   4.2 |  19.4 |  46.0 | 929.7
       Dungeon | 100.0 | 100.0 |   4.2 |  19.4 |  46.0 | 929.7
               +-------+-------+-------+-------+-------+----------------------
